 Seeded DCSS version 0.31-a0-435-g2c6fae2916 (webtiles) character file.

Game seed: 11261350915503244088 (custom seed)

3476 innerfire43 the Cutter (level 9, 0/63 HPs)
             Began as a Demonspawn Monk on Aug 1, 2023.
             Was the Champion of Cheibriados.
             Slain by a spriggan
             ... wielding a +0 spear
              (4 damage)
             ... in a bailey.
             The game lasted 00:05:49 (6095 turns).

innerfire43 the Cutter (Demonspawn Monk)            Turns: 6095, Time: 00:05:50

Health: 0/63       AC:  9    Str: 29    XL:     9   Next: 79%
Magic:  9/9        EV: 19    Int: 30    God:    Cheibriados [******]
Gold:   390        SH:  0    Dex: 34    Spells: 8/8 levels left

rFire   . . .        s - +8 dagger of the Messenger {pain, Str-2 Int+4 Dex+3}
rCold   . . .        d - orb {light}
rNeg    . . .        b - +0 robe
rPois   .            (helmet currently unavailable)
rElec   .            (cloak currently unavailable)
rCorr   .            (gloves currently unavailable)
SInv    .            (boots currently unavailable)
Will    .....        (no amulet)
Stlth   +            x - +4 ring of protection
HPRegen 0.30/turn    (no ring)
MPRegen 0.11/turn

%: no passive effects
@: beast-form, glowing, very slow
A: beast (slay +4), horns 1, thin metallic scales 2, powered by pain 2, spiny 1
a: Begin Untransformation, Renounce Religion, Bend Time, Temporal Distortion,
Slouch, Step From Time


You were in a bailey.
You worshipped Cheibriados.
Cheibriados was exalted by your worship.
You were a hulking beast.
You visited 1 branch of the dungeon, and saw 7 of its levels.
You also visited: Bailey.

You collected 390 gold pieces.

Inventory:

Hand Weapons
 a - a +0 short sword
 e - a +2 antimagic dagger
 s - the +8 dagger of the Messenger (weapon) {pain, Str-2 Int+4 Dex+3}
   (You found it on level 4 of the Dungeon)

   Str:       It affects your strength (-2).
   Int:       It affects your intelligence (+4).
   Dex:       It affects your dexterity (+3).
Armour
 b - a +0 robe (worn)
 d - an orb of light (worn)
Jewellery
 x - a +4 ring of protection (left hand)
Talismans
 f - a beast talisman (active)
Wands
 h - a wand of acid (9)
 r - a wand of flame (15)
Scrolls
 g - a scroll of vulnerability {unknown}
 i - 5 scrolls of teleportation {unknown}
 k - 8 scrolls of identify {unknown}
 n - a scroll of amnesia {unknown}
 o - 2 scrolls of noise {unknown}
 t - a scroll of poison {unknown}
Potions
 c - 3 potions of ambrosia
 j - a potion of attraction {unknown}
 l - a potion of mutation {unknown}
 m - 2 potions of curing {unknown}
 p - a potion of cancellation {unknown}
 q - a potion of lignification {unknown}
 v - a potion of resistance {unknown}
 w - a potion of haste {unknown}
 z - a potion of brilliance {unknown}


   Skills:
 - Level 3.0 Fighting
 * Level 7.7 Short Blades
 + Level 5.6 Dodging
 * Level 7.2 Necromancy
 * Level 5.8 Shapeshifting


You had 8 spell levels left.
You didn't know any spells.
Your spell library contained the following spells:

 Spells                   Type           Power      Damage    Failure   Level
 Necrotise                Necr           100%       1d9       1%          1
 Vampiric Draining        Necr           43%        2d9       1%          3
 Poisonous Vapours        Pois/Air       0%         N/A       14%         2
 Agony                    Necr           43%        N/A       14%         5
 Ignite Poison            Fire/Tmut/Pois 0%         N/A       28%         3
 Mephitic Cloud           Conj/Pois/Air  0%         N/A       28%         3
 Portal Projectile        Hex/Tloc       0%         N/A       28%         3
 Tukima's Dance           Hex            0%         N/A       28%         3
 Iskenderun's Mystic Bla  Conj/Tloc      0%         2d3       67%         4
 Sticky Flame             Conj/Fire      0%         2d3       67%         4
 Freezing Cloud           Conj/Ice/Air   0%         6-21      95%         5
 Ignition                 Fire           0%         3d3       100%        8


Dungeon Overview and Level Annotations

Branches:
Dungeon (7/15)             Temple (0/1) D:4          Bailey (1/1)

Altars:
Cheibriados
Nemelex Xobeh
Okawaru
Uskayaw
Vehumet

Shops:
D:5 [(=   D:6 *


Innate Abilities, Weirdness & Mutations

You are a hulking beast.
Your limbs bulge with bestial killing power. (Slay +4)
You have a pair of small horns on your head.
You are mostly covered in thin metallic scales. (AC +3)
You sometimes gain power by taking damage.
You are partially covered in sharp spines.


Message History

You feel less confused. The spriggan completely misses you. x2
The spriggan hits you but does no damage.
The ogre barely misses you. The spriggan closely misses you.
You puncture the ogre!
The ogre writhes in agony.
You headbutt the ogre.
You kill the ogre!
Cheibriados thoroughly appreciates the change of pace.
Cheibriados raises the support of your attributes as your movement slows.
The spriggan hits you from afar with a +0 spear.
* * * LOW HITPOINT WARNING * * *
Your Necromancy skill increases to level 7!
The spriggan is struck by your spines. The spriggan barely misses you.
The spriggan misses you.
A spriggan comes into view. It is wielding a +0 spear.
The spriggan is struck by your spines. The spriggan misses you.
The spriggan splashes around in the water.
Things that are here:
a +0 glaive; an ogre corpse You puncture the spriggan!
You kill the spriggan!
Cheibriados thoroughly appreciates the change of pace.
You hear a splash.
The spriggan misses you.
Unknown command.
You enter the shallow water.
Moving in this stuff is going to be slow.
The spriggan closely misses you. The spriggan completely misses you.
The spriggan splashes around in the water.
The spriggan misses you. The spriggan closely misses you.
You see here a +0 spear.
A two-headed ogre comes into view. It is wielding two +0 halberds.
The two-headed ogre shouts in stereo!
The spriggan hits you with a +0 spear.
* * * LOW HITPOINT WARNING * * *
The spriggan is struck by your spines. The spriggan hits you with a +0 spear!
* * * LOW HITPOINT WARNING * * *
The spriggan is struck by your spines. The spriggan hits you with a +0 spear.
* * * LOW HITPOINT WARNING * * *
The spriggan hits you with a +0 spear.
You die...

##.......##
##.).......##
##..#######..##
# ##..##
..##..## #
##..♣♣ ..#♣..##
###..♣# ..♣...#
~~~..# ♣.#.).#
~~~..# ♣.#i..#
~~~..# ♣ih)).#
~~~..# ♣i#~..#
~~~..# ♣.#...#
###..# O.♣...#
# ##..#
..##..## # #..
..# ..## ###
..## .# .#


You could see a two-headed ogre and 3 spriggans.

Vanquished Creatures
  Sigmund (D:2)
  3 spriggans (Bailey)
  A wyvern (D:7)
  Menkaure (D:5)
  A water moccasin (D:5)
  2 sky beasts
  A black bear (D:7)
  4 ogres
  2 centaurs
  2 phantoms (D:4)
  2 bullfrogs (D:6)
  3 scorpions
  5 wights (D:6)
  5 electric eels (D:6)
  2 howler monkeys (D:4)
  A centaur zombie (D:4)
  3 hounds
  3 jellies
  A gnoll bouda (D:7)
  A bullfrog skeleton (D:4)
  A sleepcap (D:6)
  Natasha (twice) (D:2)
  4 iguanas
  A hound skeleton (D:4)
  A howler monkey zombie (D:4)
  9 gnolls
  6 adders
  2 shadow imps (D:5)
  2 white imps
  An ufetubus (D:5)
  2 adder skeletons (D:4)
  2 worms (D:4)
  A dart slug (D:2)
  9 orcs
  5 bats
  9 endoplasms
  3 giant cockroaches
  13 goblins
  8 hobgoblins
  4 jackals (D:2)
  6 kobolds
  5 quokkas
  2 ball pythons
  2 frilled lizards
  A quokka zombie (D:5)
  7 rats
  A rat zombie (D:5)
153 creatures vanquished.

Notes
Turn   | Place    | Note
-------+----------+-------------------------------------------
     0 | D:1      | innerfire43 the Demonspawn Monk began the quest for the
                  | Orb.
     0 | D:1      | Reached XP level 1. HP: 18/18 MP: 1/1
   139 | D:1      | Gained mutation: You have a pair of small horns on your
                  | head. [demonic ancestry]
   139 | D:1      | Reached XP level 2. HP: 19/24 MP: 0/2
   170 | D:1      | Reached skill level 1 in Necromancy
   260 | D:1      | Found a faded altar of an unknown god.
   415 | D:1      | Prayed at the altar of an unknown god.
   415 | D:1      | Became a worshipper of Cheibriados the Contemplative
   415 | D:1      | Reached * piety under Cheibriados
   415 | D:1      | Reached ** piety under Cheibriados
   531 | D:1      | Reached *** piety under Cheibriados
   776 | D:2      | Reached XP level 3. HP: 19/29 MP: 1/3
  1044 | D:2      | Reached skill level 1 in Shapeshifting
  1429 | D:2      | Noticed Sigmund
  1439 | D:2      | Killed Sigmund
  1440 | D:2      | Gained mutation: You are partially covered in thin metallic
                  | scales. (AC +2) [demonic ancestry]
  1440 | D:2      | Reached XP level 4. HP: 17/35 MP: 1/4
  1440 | D:2      | Gained mutation: You are partially covered in sharp spines.
                  | [demonic ancestry]
  1440 | D:2      | Reached XP level 5. HP: 20/41 MP: 1/5
  1539 | D:2      | Noticed Natasha
  1544 | D:2      | Killed Natasha
  1544 | D:2      | Reached **** piety under Cheibriados
  1674 | D:2      | Noticed Natasha
  1680 | D:2      | Killed Natasha
  1681 | D:2      | Gained mutation: You are mostly covered in thin metallic
                  | scales. (AC +3) [demonic ancestry]
  1681 | D:2      | Reached XP level 6. HP: 34/47 MP: 2/6
  3000 | D:4      | Found a staircase to the Ecumenical Temple.
  3063 | D:4      | Reached XP level 7. HP: 42/52 MP: 2/7
  3064 | D:4      | Reached ***** piety under Cheibriados
  3229 | D:4      | Reached skill level 5 in Short Blades
  3235 | D:4      | Identified the +8 dagger of the Messenger {pain, Str-2
                  | Int+4 Dex+3}
  3872 | D:5      | Entered Level 5 of the Dungeon
  3981 | D:5      | Noticed Menkaure
  3987 | D:5      | Killed Menkaure
  3988 | D:5      | Gained mutation: You sometimes gain a little power by
                  | taking damage. [demonic ancestry]
  3988 | D:5      | Reached XP level 8. HP: 41/58 MP: 8/8
  4234 | D:5      | Found Camuivvu's Armour Boutique.
  4568 | D:5      | Found Duoliy's Weapon Emporium.
  4630 | D:5      | Found Xunen's Jewellery Emporium.
  4783 | D:6      | Reached skill level 5 in Necromancy
  4866 | D:6      | Found Sopp's General Store.
  4902 | D:6      | HP: 2/58 [electric eel/bolt of electricity (7)]
  5417 | D:6      | Reached skill level 5 in Dodging
  5417 | D:6      | Gained mutation: You sometimes gain power by taking damage.
                  | [demonic ancestry]
  5417 | D:6      | Reached XP level 9. HP: 63/63 MP: 9/9
  5477 | D:6      | Reached skill level 5 in Shapeshifting
  5682 | D:6      | Found a hide-covered altar of Uskayaw.
  5684 | D:6      | Found a radiant altar of Vehumet.
  5689 | D:6      | Found a sparkling altar of Nemelex Xobeh.
  5925 | D:7      | Found an iron altar of Okawaru.
  6033 | D:7      | Found a flagged portal.
  6050 | Bailey   | Entered a bailey
  6091 | Bailey   | Reached ****** piety under Cheibriados
  6095 | Bailey   | Noticed a two-headed ogre
  6095 | Bailey   | Slain by a spriggan

Illustrated notes

Levels and vault maps discovered:
D:1:      eino_arrival_cavern_c, layout_basic, chequers_ecumenical_altar_twisty,
          st_stairs_2
D:2:      minmay_wonky_spiral, layout_loops_ring, uniq_natasha, uniq_sigmund
D:3:      layout_loops_corners, small_statue_intersection
D:4:      layout_loops_ring, elyvilon_altar_1, minmay_temple_entry_from_below_b,
          minmay_misc_feat_square, dilly_guarded_unrand_morg
D:5:      layout_loops_ring, serial_shops, shop, shop, shop, enter_ossuary_4,
          uniq_menkaure
D:6:      layout_rooms, grunt_temple_overflow_diamond, serial_bayou,
          serial_bayou_shore_a, serial_bayou_ford_a, serial_bayou_crossing,
          serial_bayou_pond_d, serial_shops, shop
D:7:      layout_loops_ring, lemuel_doored_altar, enter_bailey_5
Bailey:   bailey_polearm_enchanted_keep_hellmonk, bailey

Skill      XL: |  1  2  3  4  5  6  7  8  9 |
---------------+----------------------------+-----
Necromancy     | 1 3 4 5 7 |  7.2
Short Blades   | 3 4 5 6 7 |  7.7
Shapeshifting  | 2 3 4 5 |  5.8
Dodging        | 3 4 5 |  5.6
Fighting       | |  3.0

Action                     |  1- 3 |  4- 6 |  7- 9 || total
---------------------------+-------+-------+-------++-------
  Melee: Dagger            |    83 |    78 |   143 ||   304
         Short sword       |     5 |       |       ||     5
         Headbutt          |    15 |    17 |    32 ||    64
  Evoke: Wand              |       |       |     4 ||     4
    Use: Potion            |       |       |     4 ||     4
   Stab: Sleeping          |       |       |     2 ||     2
 Armour: Robe              |    14 |    16 |    32 ||    62
  Dodge: Dodged            |    39 |    53 |   143 ||   235
   Form: Beast             |     1 |       |       ||     1

Table legend: (Time is in decaauts)
 A = Elapsed time spent in this place.
 B = Non-inter-level travel time spent in this place.
 C = Inter-level travel time spent in this place.
 D = Time resting spent in this place.
 E = Time spent auto-exploring this place.
 F = Levels seen in this place.
 G = Mean time per level.
                   A        B        C        D        E       F      G
               +--------+--------+--------+--------+--------+-----+--------+
         Total |   9230 |   8493 |    737 |      0 |   7463 |   8 | 1153.8 |
       Dungeon |   9153 |   8416 |    737 |      0 |   7417 |   7 | 1307.6 |
        Bailey |     77 |     77 |      0 |      0 |     45 |   1 |   77.0 |
               +--------+--------+--------+--------+--------+-----+--------+

Top non-repeatable levels by time:
     D:4: 1711 daAuts
     D:6: 1675 daAuts
     D:2: 1639 daAuts
     D:3: 1501 daAuts
     D:5: 1417 daAuts
     D:1: 903 daAuts
     D:7: 304 daAuts
  Bailey: 77 daAuts
